 Dungeon Crawl Stone Soup version 0.31.0-7-gf635a9b802 (webtiles) character file.

Game seed: 904899060913208684

1808916 Sobieck the Conqueror (level 27, 249/249 HPs)
             Began as a Merfolk Gladiator on Jan 23, 2024.
             Was a High Priest of Qazlal.
             Escaped with the Orb
             ... and 3 runes!
             The game lasted 03:42:10 (57844 turns).

Sobieck the Conqueror (Merfolk Gladiator)          Turns: 57844, Time: 03:42:11

Health: 249/249    AC: 14    Str: 22    XL:     27
Magic:  34/34      EV: 49    Int:  5    God:    Qazlal [*****.]
Gold:   2964       SH: 43    Dex: 37    Spells: 26/26 levels left

rFire   + + +        R - +6 double sword of Parsimonious Integrity {distort, Will+ Str+4}
rCold   + + .        M - +8 tower shield {reflect}
rNeg    + . .        I - +3 troll leather armour
rPois   .            O - +1 hat "Damnable Contraption" {rC+ Str-3 SInv}
rElec   +            S - scarf {rC+ rF+}
rCorr   .            F - +0 pair of gloves of the Evening Star {Str+4 Dex+4}
SInv    +            u - +2 pair of boots
Will    ++++.        J - amulet "Fanyemyu" {rN+ Regen+}
Stlth   +            k - +6 ring of dexterity
HPRegen 2.21/turn    m - ring of Myahodel {rElec rF+ Will+ Stlth+}
MPRegen 0.24/turn

%: repel missiles, reflection
@: no status effects
A: (nimble swimmer 2), mertail, iridescent scales 1, dopey 1, fire resistance 1,
low MP 1, subdued magic 1, persistent drain
0: Orb of Zot
}: 3/15 runes: serpentine, barnacled, silver
a: Renounce Religion, Upheaval, Elemental Force, Disaster Area


You escaped.
You worshipped Qazlal.
Qazlal was extremely pleased with you.
You visited 9 branches of the dungeon, and saw 47 of its levels.
You visited 1 bazaar.
You also visited: Trove, Ossuary and Ice Cave.

You collected 8567 gold pieces.
You spent 5603 gold pieces at shops.

Inventory:

Hand Weapons
 R - the +6 double sword of Parsimonious Integrity (weapon) {distort, Will+ Str+4}
   (You acquired it on level 13 of the Dungeon)

   Str+4:     It affects your strength (+4).
   Will+:     It increases your willpower.
Missiles
 t - 31 boomerangs (quivered)
 v - 19 javelins
 x - 6 silver javelins
Armour
 u - a +2 pair of boots (worn)
 F - the +0 pair of gloves of the Evening Star (worn) {Str+4 Dex+4}
   (You found it in a treasure trove)

   Str+4:     It affects your strength (+4).
   Dex+4:     It affects your dexterity (+4).
 I - a +3 troll leather armour (worn)
 M - a +8 tower shield of reflection (worn)
 O - the +1 hat "Damnable Contraption" (worn) {rC+ Str-3 SInv}
   (You found it in a treasure trove)

   Str-3:     It affects your strength (-3).
   rC+:       It protects you from cold.
   SInv:      It lets you see invisible.
 S - a scarf of resistance (worn)
Jewellery
 k - a +6 ring of dexterity (left hand)
 m - the ring of Myahodel (right hand) {rElec rF+ Will+ Stlth+}
   (You took it off a merfolk siren on level 4 of the Shoals)

   [ring of willpower]

   rF+:       It protects you from fire.
   rElec:     It insulates you from electricity.
   Will+:     It increases your willpower.
   Stlth+:    It makes you more stealthy.
 o - the ring of Gowk {Will++ rCorr Str-3}
   (You took it off a frost giant on level 2 of the Depths)

   [ring of resist corrosion]

   Str-3:     It affects your strength (-3).
   Will++:    It greatly increases your willpower.
   rCorr:     It protects you from acid and corrosion.
 s - the ring of Cots {rN+ rCorr Int+2}
   (You took it off a rakshasa on level 2 of the Depths)

   [ring of positive energy]

   Int+2:     It affects your intelligence (+2).
   rN+:       It protects you from negative energy.
   rCorr:     It protects you from acid and corrosion.
 J - the amulet "Fanyemyu" (around neck) {rN+ Regen+}
   (You bought it in a shop on level 3 of the Vaults)

   [amulet of regeneration]

   rN+:       It protects you from negative energy.
   Regen+:    It increases your rate of health regeneration.
 W - a ring of flight
Wands
 a - a wand of acid (37)
 n - a wand of mindburst (49)
 D - a wand of digging (10)
 V - a wand of flame (46)
 Z - a wand of roots (25)
Scrolls
 b - a scroll of blinking
 e - 5 scrolls of silence {!r}
 i - 15 scrolls of vulnerability
 j - 3 scrolls of fog
 q - 6 scrolls of immolation
 r - 3 scrolls of noise
 w - 6 scrolls of butterflies
 y - 6 scrolls of fear
 E - 2 scrolls of enchant armour
 P - a scroll of revelation
 T - 23 scrolls of teleportation
 Y - 4 scrolls of poison
Potions
 d - 11 potions of brilliance
 f - 3 potions of mutation
 g - 3 potions of might
 h - 3 potions of resistance
 l - 10 potions of lignification
 p - 9 potions of cancellation
 z - 3 potions of magic
 A - 15 potions of attraction
 B - 3 potions of berserk rage
 C - 8 potions of enlightenment
 G - 9 potions of heal wounds
 H - 2 potions of haste
 L - 3 potions of ambrosia
 N - 4 potions of invisibility
 Q - 23 potions of curing
Miscellaneous
 c - a lightning rod (4/4)
 K - a phantom mirror
 U - a phial of floods
 X - a box of beasts


   Skills:
 O Level 27 Fighting
 - Level 16.0 Long Blades
 - Level 14.0 Throwing
 - Level 6.0 Armour
 O Level 27 Dodging
 - Level 20.0 Shields
 + Level 22.5 Invocations
 - Level 12.0 Evocations


You had 26 spell levels left.
You didn't know any spells.
Your spell library contained the following spells:

 Spells                   Type           Power      Damage    Failure   Level
 Apportation              Tloc           0%         N/A       67%         1
 Freeze                   Ice            0%         1d3       67%         1
 Magic Dart               Conj           0%         1d3       67%         1
 Necrotise                Necr           0%         1d4       67%         1
 Sting                    Conj/Alch      0%         1d3       67%         1
 Summon Small Mammal      Summ           0%         N/A       67%         1
 Blink                    Tloc           0%         N/A       82%         2
 Call Imp                 Summ           0%         N/A       82%         2
 Ensorcelled Hibernation  Hex/Ice        0%         N/A       82%         2
 Lesser Beckoning         Tloc           0%         N/A       82%         2
 Momentum Strike          Conj/Tloc      0%         3d8       82%         2
 Scorch                   Fire           0%         2d5       82%         2
 Searing Ray              Conj           0%         2d4       82%         2
 Sublimation of Blood     Necr           0%         N/A       82%         2
 Call Canine Familiar     Summ           0%         N/A       96%         3
 Dazzling Flash           Conj/Hex       0%         N/A       96%         3
 Frozen Ramparts          Ice            0%         1d1       96%         3
 Fugue of the Fallen      Necr           0%         N/A       96%         3
 Gell's Gravitas          Tloc           0%         N/A       96%         3
 Hailstorm                Conj/Ice       0%         3d5       96%         3
 Sigil of Binding         Hex            0%         N/A       96%         3
 Summon Ice Beast         Ice/Summ       0%         N/A       96%         3
 Teleport Other           Tloc           0%         N/A       96%         3
 Tukima's Dance           Hex            0%         N/A       96%         3
 Vampiric Draining        Necr           0%         2d6       96%         3
 Volatile Blastmotes      Fire/Tloc      0%         2d10      96%         3
 Anguish                  Hex/Necr       0%         N/A       100%        4
 Animate Armour           Summ/Erth      0%         N/A       100%        4
 Dimensional Bullseye     Hex/Tloc       0%         N/A       100%        4
 Flame Wave               Conj/Fire      0%         2d4       100%        4
 Fulminant Prism          Conj/Alch      0%         3d5       100%        4
 Iskenderun's Mystic Bla  Conj/Tloc      0%         2d3       100%        4
 Leda's Liquefaction      Alch/Erth      0%         N/A       100%        4
 Martyr's Knell           Necr/Summ      0%         N/A       100%        4
 Olgreb's Toxic Radiance  Alch           0%         N/A       100%        4
 Petrify                  Alch/Erth      0%         N/A       100%        4
 Summon Lightning Spire   Summ/Air       0%         N/A       100%        4
 Vhi's Electric Charge    Tloc/Air       0%         N/A       100%        4
 Arcjolt                  Conj/Air       0%         1d10      100%        5
 Curse of Agony           Necr           0%         N/A       100%        5
 Irradiate                Conj/Alch      0%         3d11      100%        5
 Lee's Rapid Deconstruct  Erth           0%         3d4*      100%        5
 Metabolic Englaciation   Hex/Ice        0%         N/A       100%        5
 Summon Forest            Summ/Tloc      0%         N/A       100%        5
 Summon Mana Viper        Hex/Summ       0%         N/A       100%        5
 Dispersal                Tloc           0%         N/A       100%        6
 Eringya's Noxious Bog    Alch           0%         4d6       100%        6
 Plasma Beam              Fire/Air       0%         2x1d10    100%        6
 Sculpt Simulacrum        Ice/Alch       0%         N/A       100%        6
 Starburst                Conj/Fire      0%         6d3       100%        6
 Summon Cactus Giant      Summ           0%         N/A       100%        6
 Malign Gateway           Summ/Tloc      0%         N/A       100%        7
 Monstrous Menagerie      Summ           0%         N/A       100%        7
 Ozocubu's Refrigeration  Ice            0%         4d7       100%        7
 Summon Hydra             Summ           0%         N/A       100%        7
 Discord                  Hex            0%         N/A       100%        8
 Ignition                 Fire           0%         3d3       100%        8
 Maxwell's Capacitive Co  Air            0%         ∞         100%        8
 Summon Horrible Things   Summ           0%         N/A       100%        8


Dungeon Overview and Level Annotations

Branches:
Dungeon (15/15)            Temple (0/1) D:7            Lair (5/5) D:11
 Shoals (4/4) Lair:3        Snake (4/4) Lair:3        Slime (0/5) Lair:4
    Orc (2/2) D:11            Elf (3/3) Orc:2        Vaults (5/5) D:14
  Crypt (0/3) Vaults:3     Depths (4/4) D:15            Zot (5/5) Depths:4
Ossuary (visited)           IceCv (visited)

Altars:
Ashenzari
Cheibriados
Dithmenos
Fedhas
Makhleb
Nemelex Xobeh
Okawaru
Qazlal
Sif Muna
Vehumet
Yredelemnul
Zin
The Shining One
Jiyva

Shops:
Orc:2 :[**[   Elf:1 *   Elf:2 *   Elf:3 :   Shoals:1 :   Snake:3 ?!=*!
Snake:4 [!*   Vaults:3 ==!   Vaults:4 (   Depths:3 ((=:   Depths:4 :=:

Portals:
Hell: Depths:1 Depths:2 Depths:3 Depths:4
Abyss: Depths:2 Depths:3
Pandemonium: Depths:2
Ziggurat: Depths:2

Annotations:
Snake:4 3 runed translucent doors, TuffENuff's ghost, adept FoFi; howech's ghost, adept MiBe
Elf:1 1 runed translucent door
Elf:2 3 runed translucent doors
Abyss:1 Aizul; Urug


Innate Abilities, Weirdness & Mutations

((You are very nimble when in or above water. (Stealth+, EV+, Speed+++)))
Your lower body shifts to a powerful aquatic tail in water.
You are partially covered in iridescent scales. (AC +2)
You are dopey. (Int -2)
Your flesh is heat resistant. (rF+)
Your magical capacity is low. (-10% MP)
Your spells are a little easier to cast, but a little less powerful.
Your health recovers twice as slowly from being drained.


Message History

HP restored.
There is a stone staircase leading up here.
You climb upwards.
There is a stone staircase leading down here.
There is a stone staircase leading up here.
You climb upwards.
There is a stone staircase leading down here.
There is a stone staircase leading up here.
You climb upwards.
You hear a bark!
There is a stone staircase leading down here.
You hear a bark!
There is a stone staircase leading up here.
You hear a bark!
You climb upwards.
There is a stone staircase leading down here.
A rust devil comes into view.
Danger!
The rust devil attacks as it pursues you!
You block the rust devil's attack.
You see here a +0 whip.
You slash the rust devil!
The rust devil is moderately wounded.
The rust devil blinks!
No target in view!
What level of the Dungeon? (default 1, ? - help)
A rust devil is nearby!
Danger!
Unknown command.
Danger!
Danger!
You see here a +3 spear.
There is a stone staircase leading up here.
You climb upwards.
There is a stone staircase leading down here.
Something howls, "Succumb, thou defiled sow-suckled socdollager!"
You hear a shout!
Narhekk comes into view.
Narhekk gurgles, "Embrace thy fall, thou horrid fly-bitten nothing!"
Narhekk gestures.
The bolt of lightning misses you. The fiery plasma misses you.
A neqoxec comes into view.
Danger!
Blink to where?
Press: ? - help, Dir - move target
As you read the scroll of blinking, it crumbles to dust.
Blink to where?
Press: ? - help, Dir - move target
As you read the scroll of blinking, it crumbles to dust.
You have escaped!

#...).....###._......#########.#
#..#......○#..#####............#
#..#.........######.............
#..#...........)†.....#######..#
##..####.......####....#######..#
.....###[.......................#
..#...)...............######.####
#....####.......§§.#>## #.#
###..# #.....☼.@.☼#.# #.# #..#
#....8.○.☼.#.# #.#
#..####...♣......#.#######.#
#..........................#
##.###...........#.#########
####.# #...........#.# .....#
#......####.#.# ####.#
#.####.####.#.#
#.###.............#


There were no monsters in sight!

Vanquished Creatures
  3 orbs of fire (Zot:4)
  2 dread liches
  A juggernaut (Depths:2)
  Sojobo (Vaults:4)
  4 Killer Klowns
  A curse toe (Zot:4)
  Vashnia (Snake:4)
  6 golden dragons
  2 Tzitzimimeh
  8 electric golems
  A walking crystal tome (Depths:4)
  13 tentacled monstrosities
  21 Orb Guardians
  A Hell Sentinel (Depths:3)
  Rupert (Orc:2)
  7 liches
  A deep elf blademaster (Elf:2)
  3 deep elf master archers
  5 quicksilver dragons
  7 titans
  4 sphinxes
  Polyphemus (Shoals:4)
  7 tengu reavers
  6 death cobs
  17 storm dragons
  3 draconian knights
  11 shadow dragons
  6 nagarajas
  2 draconian monks
  2 draconian scorchers (Depths:4)
  3 protean progenitors
  5 frost giants
  2 ghost moths
  5 deep elf sorcerers
  3 fire giants
  An angel (D:15)
  8 draconian shifters
  3 deep elf elementalists
  9 vault wardens
  3 iron dragons
  22 ironbound preservers
  4 orc warlords (Vaults:1)
  15 very ugly things
  3 draconian stormcallers
  2 spriggan defenders (Depths:4)
  3 draconian annihilators
  15 stone giants
  7 green draconians
  A formless jellyfish (Vaults:2)
  5 ironbound thunderhulks
  A caustic shrike skeleton (Depths:1)
  2 vampire knights
  8 deep elf death magi
  9 black draconians
  8 red draconians
  2 war gargoyles
  6 deep elf annihilators
  9 deep elf demonologists
  14 purple draconians
  3 spark wasps (Depths:3)
  8 yellow draconians
  3 dire elephants
  7 white draconians
  7 crystal guardians
  11 fire dragons
  A blizzard demon (Depths:2)
  3 merfolk javelineers
  An eidolon (Vaults:3)
  A deep elf high priest (Elf:3)
  14 yaktaur captains
  9 ettins
  2 jiangshi (Depths:1)
  Josephine (Lair:3)
  6 entropy weavers
  9 ice dragons
  3 catoblepae
  6 merfolk impalers
  4 rakshasas
  2 salamander tyrants
  4 hydras
  6 peacekeepers
  5 great orbs of eyes
  4 merfolk avatars
  31 vault guards
  2 spriggan air magi
  2 merfolk aquamancers
  18 centaur warriors
  8 ironbound frosthearts
  2 alligator snapping turtles
  6 two-headed ogres
  19 anacondas
  An ogre mage (D:15)
  8 dancing weapons
  3 boulder beetles
  The ghost of pigah the Mimic, a journeyman OpSh of Gozag (D:10)
  A vampire mage (Depths:1)
  7 deep troll earth magi
  6 deep troll shamans
  9 tengu warriors
  2 satyrs
  16 naga warriors
  3 hell hogs (Depths:3)
  An occultist (Depths:2)
  14 naga sharpshooters
  6 shock serpents
  3 orc high priests (Orc:2)
  13 death yaks
  15 hell knights
  6 spriggan berserkers
  7 deep elf knights
  2 skysharks (shapeshifter) (Vaults:5)
  2 sixfirhies (Depths:2)
  6 skysharks
  2 goliath frogs (Zot:3)
  6 iron trolls
  6 salamander mystics
  7 sea snakes
  49 deep trolls
  A skeletal warrior (D:15)
  A deep troll (shapeshifter) (Zot:2)
  5 necromancers
  3 flayed ghosts
  3 glowing orange brains
  15 ironbound convokers
  9 arcanists
  5 phantasmal warriors
  12 deep elf archers
  13 lindwurms
  6 mana vipers
  4 naga ritualists
  Pikel (D:8)
  16 harpies
  9 orc knights
  3 orc sorcerers (Orc:2)
  2 wolf spider zombies (D:15)
  18 manticores
  An oklob plant (Lair:2)
  14 deep elf zephyrmancers
  19 fauns
  26 deep elf pyromancers
  31 ugly things
  23 salamanders
  A shadow dragon skeleton (Depths:1)
  19 moths of wrath
  8 cyclopes
  The ghost of Livid the Digger, a novice OpEE of Ashenzari (D:6)
  4 kobold blastminers
  A frost giant skeleton (Vaults:4)
  22 vault sentinels
  12 elephants
  3 ice statues
  9 merfolk sirens
  6 water nymphs
  3 centaur zombies (D:15)
  14 guardian serpents
  21 naga magi
  41 black mambas
  A moth of wrath (shapeshifter) (Depths:3)
  2 gargoyles
  6 cane toads
  A torpor snail (Lair:2)
  An unseen horror (D:11)
  A tormentor (Depths:2)
  8 komodo dragons
  3 kobold demonologists
  4 rime drakes
  25 yaktaurs
  6 tengu conjurers
  29 merfolk
  A merfolk (shapeshifter) (Depths:1)
  A troll (shapeshifter) (Elf:1)
  7 polar bears
  6 trolls
  A hellwing (Depths:1)
  3 blink frogs (Lair:3)
  4 wind drakes
  4 glass eyes
  6 hornets
  A tarantella (shapeshifter) (Elf:2)
  A snapping turtle (shapeshifter) (Zot:3)
  12 dream sheep
  A frost giant simulacrum (Depths:1)
  10 snapping turtles
  9 water elementals
  19 slime creatures
  An air elemental (Elf:3)
  A spriggan (shapeshifter) (D:13)
  An ettin skeleton (Vaults:3)
  8 wraiths
  6 spriggans
  3 vampires
  3 fire elementals
  43 yaks
  6 wyverns
  A warg (Orc:1)
  A redback (Vaults:4)
  4 vampire mosquitoes (D:11)
  7 basilisks
  2 acid dragons
  43 nagas
  An ogre skeleton (Vaults:3)
  18 water moccasins
  20 orc warriors
  3 ettin simulacra (Depths:3)
  5 black bears
  8 ogres
  2 human skeletons
  9 wolves
  14 centaurs
  2 lemures (D:8)
  2 phantoms
  6 kobold brigands
  5 gnoll sergeants
  17 bullfrogs
  2 scorpions (D:5)
  2 elf skeletons (D:5)
  2 water moccasin zombies
  16 wights
  A burial acolyte (Ossuary)
  2 lindwurm simulacra (IceCv)
  17 killer bees
  5 electric eels
  A howler monkey (D:11)
  10 komodo dragon simulacra (IceCv)
  2 hounds
  A lava snake (Lair:4)
  A bombardier beetle (D:3)
  A spectral scorpion (Ossuary)
  A gnoll bouda (D:6)
  4 human zombies
  A jelly (Lair:4)
  13 orc priests
  2 iguanas (D:5)
  An iguana (shapeshifter) (Zot:3)
  20 orc wizards
  2 bullfrog simulacra (Ossuary)
  2 mummies (Ossuary)
  17 gnolls
  8 adders
  5 acid dragon simulacra (IceCv)
  A shadow imp (D:8)
  2 white imps
  2 ufetubi (D:6)
  4 steam dragon simulacra (IceCv)
  7 adder zombies (Ossuary)
  2 ribbon worms (D:4)
  4 dart slugs
  57 orcs
  4 bats
  5 endoplasms
  3 giant cockroaches
  5 gnoll zombies (Ossuary)
  10 goblins
  14 hobgoblins
  7 jackals (D:1)
  17 kobolds
  3 quokkas
  2 ball pythons (D:2)
  A ball python zombie (D:3)
  6 frilled lizards
  A giant cockroach zombie (D:3)
  2 jackal zombies (Ossuary)
  4 orc zombies
  9 rats
  An aspiring flesh (Depths:4)
  2 spectral weapons
1870 creatures vanquished.

Vanquished Creatures (collateral kills)
  A titan (Vaults:4)
  Donald (Shoals:1)
  A nagaraja (Snake:4)
  A satyr (Shoals:3)
  A boulder beetle (D:12)
  A cyclops (Shoals:2)
  2 merfolk sirens (Shoals:2)
  A naga (Snake:4)
  An ogre (D:11)
  4 orcs
14 creatures vanquished.

Vanquished Creatures (others)
  A Killer Klown (Zot:3)
  A fire giant (Depths:3)
  An ironbound preserver (Vaults:2)
  A draconian annihilator (Zot:4)
  2 merfolk javelineers (Shoals:4)
  A merfolk aquamancer (Shoals:4)
  An arcanist (Vaults:4)
  3 deep elf zephyrmancers (Elf:1)
  2 deep elf pyromancers
  A rime drake (IceCv)
  An unseen horror (D:13)
  A water elemental (Elf:1)
  An orc wizard (Orc:2)
  An orc zombie (Ossuary)
18 creatures vanquished.

Grand Total: 1902 creatures vanquished

Notes
Turn   | Place    | Note
-------+----------+-------------------------------------------
     0 | D:1      | Sobieck the Merfolk Gladiator began the quest for the Orb.
     0 | D:1      | Reached XP level 1. HP: 16/16 MP: 1/1
    21 | D:1      | Found a faded altar of an unknown god.
   104 | D:1      | Reached XP level 2. HP: 23/23 MP: 2/2
   364 | D:1      | Reached XP level 3. HP: 28/28 MP: 3/3
   570 | D:1      | Reached skill level 3 in Fighting
   936 | D:2      | Reached XP level 4. HP: 34/35 MP: 4/4
  1738 | D:2      | Reached XP level 5. HP: 26/41 MP: 5/5
  2115 | D:3      | Found a basalt altar of Yredelemnul.
  2584 | D:3      | Found a stormy altar of Qazlal.
  2611 | D:3      | Became a worshipper of Qazlal Stormbringer
  3016 | D:3      | Reached XP level 6. HP: 38/48 MP: 3/6
  3125 | D:4      | Reached skill level 1 in Invocations
  3129 | D:4      | You fall into a shaft and drop 3 floors!
  3130 | D:7      | Found a staircase to the Ecumenical Temple.
  3219 | D:7      | Reached skill level 6 in Long Blades
  3459 | D:7      | Reached skill level 1 in Armour
  3666 | D:7      | Noticed a red ugly thing
  3895 | D:7      | Reached XP level 7. HP: 34/54 MP: 5/8
  3908 | D:7      | Reached skill level 6 in Dodging
  4081 | D:6      | Identified the +1 cloak of Bedevilment {^Contam *Corrode
                  | Str+8 Int+6}
  4110 | D:5      | Entered Level 5 of the Dungeon
  4279 | D:5      | Reached XP level 8. HP: 55/61 MP: 10/10
  4310 | D:5      | Reached skill level 3 in Invocations
  4363 | D:5      | Found a sand-covered staircase.
  4382 | D:5      | Reached * piety under Qazlal
  4386 | Ossuary  | Entered an ossuary
  4764 | D:5      | Found a broken altar of Ashenzari.
  5035 | D:4      | Found a shimmering blue altar of Sif Muna.
  5706 | D:6      | Found an iron altar of Okawaru.
  5741 | D:6      | Reached ** piety under Qazlal
  5808 | D:6      | Reached skill level 9 in Long Blades
  5898 | D:6      | Reached skill level 6 in Fighting
  5898 | D:6      | Reached XP level 9. HP: 55/69 MP: 10/12
  6207 | D:6      | Found a runed translucent door.
  6210 | D:6      | Noticed Livid's ghost (novice OpEE)
  6906 | D:7      | Killed a red ugly thing
  7500 | D:8      | Found a glowing silver altar of Zin.
  7545 | D:8      | Found a burning altar of Makhleb.
  8006 | D:8      | Noticed Pikel
  8016 | D:8      | Killed Pikel
  8017 | D:8      | Reached XP level 10. HP: 76/79 MP: 12/14
  8104 | D:8      | Found a radiant altar of Vehumet.
  8105 | D:8      | Found a snail-covered altar of Cheibriados.
  8458 | D:9      | Reached *** piety under Qazlal
  8511 | D:9      | Found a shadowy altar of Dithmenos.
  8560 | D:9      | Reached skill level 12 in Long Blades
  8616 | D:8      | Found a glowing golden altar of the Shining One.
  8717 | D:9      | Reached skill level 6 in Invocations
  8727 | D:9      | Reached skill level 9 in Dodging
  8802 | D:9      | Found a sparkling altar of Nemelex Xobeh.
  9034 | D:10     | Entered Level 10 of the Dungeon
  9096 | D:10     | Noticed a two-headed ogre
  9097 | D:10     | Identified the scarf of Jephoekk {harm, Slay+3}
  9117 | D:10     | Killed a two-headed ogre
  9235 | D:10     | Found a transporter.
  9241 | D:10     | Noticed pigah's ghost (journeyman OpSh)
  9243 | D:10     | Noticed a manticore
  9300 | D:10     | Found a transporter.
  9310 | D:10     | Noticed a gargoyle
  9319 | D:10     | Killed a gargoyle
  9467 | D:10     | Found a blossoming altar of Fedhas.
  9577 | D:10     | Noticed a kobold demonologist
  9579 | D:10     | Noticed a kobold demonologist
  9584 | D:10     | Killed a kobold demonologist
  9585 | D:10     | Reached skill level 3 in Armour
  9589 | D:10     | Killed a kobold demonologist
 10118 | D:11     | Reached XP level 11. HP: 81/87 MP: 16/16
 10310 | D:11     | Identified the +0 dagger of Dismay {flame, rElec rF+}
 10612 | D:11     | Reached **** piety under Qazlal
 10691 | D:11     | Reached skill level 1 in Shields
 10752 | D:11     | Found a staircase to the Lair.
 10801 | D:11     | Reached skill level 9 in Fighting
 10928 | D:11     | Noticed a manticore
 10981 | D:11     | Killed a manticore
 11408 | D:11     | Found a staircase to the Orcish Mines.
 11475 | D:12     | HP: 4/89 [very large slime creature (45)]
 11564 | D:11     | Reached skill level 3 in Shields
 11564 | D:11     | Reached XP level 12. HP: 96/96 MP: 17/17
 11630 | D:12     | Noticed a boulder beetle
 11654 | D:12     | Killed a boulder beetle
 11983 | D:12     | Found a frozen archway.
 11991 | IceCv    | Entered an ice cave
 12105 | IceCv    | Reached ***** piety under Qazlal
 12367 | IceCv    | Noticed a white draconian
 12372 | IceCv    | Killed a white draconian
 12932 | D:13     | Noticed a tengu warrior
 12933 | D:13     | Noticed a centaur warrior
 12951 | D:12     | Killed a tengu warrior
 12952 | D:12     | Reached skill level 9 in Invocations
 12963 | D:13     | Killed a centaur warrior
 12964 | D:13     | Reached skill level 12 in Dodging
 13017 | D:12     | Reached skill level 6 in Shields
 13032 | D:13     | Noticed a centaur warrior
 13046 | D:13     | Killed a centaur warrior
 13090 | D:13     | Noticed a centaur warrior
 13096 | D:13     | Noticed a centaur warrior
 13167 | D:13     | Killed a centaur warrior
 13172 | D:13     | Killed a centaur warrior
 13179 | D:13     | Reached XP level 13. HP: 103/103 MP: 19/19
 13378 | D:13     | Reached skill level 3 in Throwing
 13758 | D:14     | Noticed a vault guard
 14044 | D:13     | Killed a vault guard
 14136 | D:13     | Identified a scroll of acquirement
 14136 | D:13     | Acquired the +6 double sword of Parsimonious Integrity
                  | {distort, Will+ Str+4}
 14161 | D:14     | Found a gate to the Vaults.
 14822 | D:15     | Entered Level 15 of the Dungeon
 15226 | D:15     | Reached skill level 6 in Armour
 15358 | D:15     | Reached XP level 14. HP: 113/113 MP: 21/21
 15385 | D:15     | Reached skill level 9 in Shields
 15389 | D:15     | Reached skill level 15 in Long Blades
 15716 | D:15     | Found a staircase to the Depths.
 15717 | D:15     | Noticed a frost giant
 15736 | D:15     | Killed a frost giant
 15961 | Lair:1   | Entered Level 1 of the Lair of Beasts
 16152 | Lair:1   | You fall into a shaft and drop 1 floor!
 16817 | Lair:1   | Noticed Urug
 16825 | Lair:1   | Banished Urug
 17868 | Lair:3   | Reached skill level 6 in Throwing
 18171 | Lair:3   | Noticed Josephine
 18173 | Lair:3   | Reached XP level 15. HP: 120/120 MP: 23/23
 18182 | Lair:3   | Killed Josephine
 18183 | Lair:3   | Reached skill level 12 in Fighting
 18186 | Lair:3   | Reached ****** piety under Qazlal
 18499 | Lair:3   | Found a staircase to the Shoals.
 18536 | Lair:3   | Found a staircase to the Snake Pit.
 18930 | Lair:4   | Found a staircase to the Slime Pits.
 18937 | Lair:4   | Found a viscous altar of Jiyva.
 19365 | Lair:5   | Entered Level 5 of the Lair of Beasts
 19634 | Lair:5   | Reached skill level 15 in Dodging
 19642 | Lair:5   | Reached skill level 12 in Invocations
 20228 | Lair:5   | Acquired a manual of Invocations
 20562 | Orc:1    | Entered Level 1 of the Orcish Mines
 20885 | Orc:2    | Entered Level 2 of the Orcish Mines
 21355 | Orc:2    | Found a staircase to the Elven Halls.
 21358 | Orc:2    | Found Vurphuqi's Antique Armour Shoppe.
 21414 | Orc:2    | Noticed Rupert
 21427 | Orc:2    | Killed Rupert
 21529 | Orc:2    | Reached XP level 16. HP: 115/130 MP: 25/25
 21612 | Orc:2    | Found Enibb's Book Boutique.
 21617 | Orc:2    | Found Donytotu's Antique Armour Emporium.
 21623 | Orc:2    | Found Ryusch's Assorted Antiques.
 21625 | Orc:2    | Found Ameec's Assorted Antiques.
 21633 | Orc:2    | Bought a phantom mirror for 1280 gold pieces
 21637 | Orc:2    | Bought a shiny helmet for 217 gold pieces
 21686 | Orc:2    | Bought a spiked leather armour for 259 gold pieces
 21686 | Orc:2    | Identified the +3 leather armour "Vaigi" {*Corrode Will++}
                  | (You bought it in a shop on level 2 of the Orcish Mines)
 21720 | Orc:2    | Bought 2 potions of heal wounds for 320 gold pieces
 22209 | Shoals:1 | Entered Level 1 of the Shoals
 22218 | Shoals:1 | Noticed Donald
 22240 | Shoals:1 | Killed Donald
 22248 | Shoals:1 | Reached skill level 1 in Evocations
 22421 | Shoals:1 | Found Etakausab's Antique Armour Shop.
 22448 | Shoals:1 | Found Moevi's Vocational Training.
 23561 | Shoals:2 | Reached skill level 3 in Evocations
 23816 | Shoals:2 | Identified the +0 scale mail "Kuev" {Rampage Dex+3}
 24007 | Shoals:2 | Reached skill level 18 in Dodging
 24288 | Shoals:3 | Reached XP level 17. HP: 116/140 MP: 27/27
 25007 | Shoals:4 | Entered Level 4 of the Shoals
 25279 | Shoals:4 | Noticed Polyphemus
 25340 | Shoals:4 | Killed Polyphemus
 25490 | Shoals:4 | Reached skill level 15 in Fighting
 25523 | Shoals:4 | Identified the +0 pair of gloves "Roniov" {rPois}
 25628 | Shoals:4 | Identified the ring of Myahodel {rElec rF+ Will+ Stlth+}
 25684 | Shoals:4 | Got a barnacled rune of Zot
 25952 | Shoals:4 | Reached skill level 9 in Throwing
 25984 | Shoals:4 | Identified the +3 ring mail "Neeggef" {-Tele rCorr Str+5
                  | Dex+3}
 26345 | Snake:1  | Entered Level 1 of the Snake Pit
 26804 | Snake:1  | Reached XP level 18. HP: 143/149 MP: 29/29
 27647 | Snake:2  | Reached skill level 6 in Evocations
 27654 | Snake:2  | Reached skill level 15 in Invocations
 27707 | Snake:1  | Reached skill level 12 in Shields
 28759 | Snake:3  | Found Vurrem's Overcharged Wands.
 28787 | Snake:3  | Found Diegini's Distillery.
 28804 | Snake:3  | Found Ixkuh's Magic Scroll Boutique.
 28901 | Snake:3  | Found Ypidoss's Distillery.
 29237 | Snake:3  | Found Egokiowo's Jewellery Emporium.
 29319 | Snake:4  | Entered Level 4 of the Snake Pit
 29452 | Snake:4  | Found Rukhleips's Antique Armour Shoppe.
 29626 | Snake:4  | Found a runed translucent gate.
 29627 | Snake:4  | Found a runed translucent gate.
 29630 | Snake:4  | Noticed howech's ghost (adept MiBe)
 29632 | Snake:4  | Noticed TuffENuff's ghost (adept FoFi)
 29693 | Snake:4  | Found a runed translucent gate.
 29775 | Snake:4  | Reached XP level 19. HP: 66/157 MP: 31/31
 30005 | Snake:4  | Noticed Vashnia
 30049 | Snake:4  | Killed Vashnia
 30178 | Snake:4  | Got a serpentine rune of Zot
 30468 | Snake:4  | Found Cufigrot's General Store.
 30472 | Snake:4  | Found Uxzod's Distillery.
 31102 | Elf:1    | Entered Level 1 of the Elven Halls
 31102 | Elf:1    | Found a runed translucent gate.
 31102 | Elf:1    | Found a runed translucent gate.
 31102 | Elf:1    | Found a runed translucent gate.
 31102 | Elf:1    | Found a runed translucent gate.
 31102 | Elf:1    | Found a runed translucent gate.
 31102 | Elf:1    | Found a runed translucent gate.
 31107 | Elf:1    | Found a runed translucent door.
 31130 | Elf:1    | Found a runed translucent door.
 31242 | Elf:1    | Found Meoc's General Store.
 31578 | Elf:1    | Reached skill level 21 in Dodging
 31602 | Elf:1    | Found a huge runed translucent gate.
 31602 | Elf:1    | Found a huge runed translucent gate.
 31602 | Elf:1    | Found a huge runed translucent gate.
 31603 | Elf:1    | Found a huge runed translucent gate.
 31603 | Elf:1    | Found a huge runed translucent gate.
 31603 | Elf:1    | Found a huge runed translucent gate.
 31603 | Elf:1    | Found a huge runed translucent gate.
 31604 | Elf:1    | Found a huge runed translucent gate.
 31604 | Elf:1    | Found a huge runed translucent gate.
 31604 | Elf:1    | Found a huge runed translucent gate.
 31605 | Elf:1    | Found a huge runed translucent gate.
 31605 | Elf:1    | Found a huge runed translucent gate.
 31605 | Elf:1    | Found a huge runed translucent gate.
 31605 | Elf:1    | Found a huge runed translucent gate.
 31606 | Elf:1    | Found a huge runed translucent gate.
 31607 | Elf:1    | Found a huge runed translucent gate.
 31607 | Elf:1    | Found a huge runed translucent gate.
 31607 | Elf:1    | Found a huge runed translucent gate.
 31607 | Elf:1    | Found a huge runed translucent gate.
 31608 | Elf:1    | Found a huge runed translucent gate.
 31969 | Elf:2    | Found Suemuiwu's Assorted Antiques.
 31983 | Elf:2    | Bought a scroll of blinking for 300 gold pieces
 31983 | Elf:2    | Bought a scroll of enchant armour for 300 gold pieces
 32032 | Elf:2    | Found a gateway to a bazaar.
 32053 | Bazaar   | Entered a bazaar
 32053 | Bazaar   | Found Eneopeeco's Weapon Boutique.
 32053 | Bazaar   | Found Luetaywk's Weapon Shop.
 32053 | Bazaar   | Found Itarom's Armour Shop.
 32061 | Bazaar   | Identified the +1 robe of Parts Unknown {Will+ Str+3 Dex+3}
 32136 | Elf:2    | Identified the +8 long sword "Gram" {heavy, rElec rN+ Int+2
                  | Dex-5}
 32285 | Elf:2    | Reached skill level 12 in Throwing
 32329 | Elf:2    | Found a runed translucent gate.
 32329 | Elf:2    | Found a runed translucent gate.
 32329 | Elf:2    | Found a runed translucent gate.
 32508 | Elf:3    | Entered Level 3 of the Elven Halls
 32530 | Elf:3    | Found Xonn's Book Emporium.
 32666 | Elf:3    | Reached XP level 20. HP: 169/169 MP: 32/32
 32959 | Elf:2    | Reached skill level 18 in Invocations
 32974 | Elf:3    | Reached skill level 18 in Fighting
 33127 | Elf:3    | Gained mutation: You occasionally lose the ability to read
                  | scrolls when taking damage. [a neqoxec]
 33162 | Elf:3    | Got Topp's Vellum of Points
 33171 | Elf:3    | Found the +3 hat of Pondering {ponderous, Will+ MP+10
                  | Int+5}
 33286 | Elf:3    | Identified the +2 ring mail of Pandemonium {Regen+}
 34067 | Vaults:1 | Entered Level 1 of the Vaults
 34421 | Vaults:1 | Identified the serpent talisman of Suoron {rF+}
 34421 | Vaults:1 | Noticed Aizul
 34437 | Vaults:1 | Banished Aizul
 35763 | Vaults:2 | Reached XP level 21. HP: 183/183 MP: 34/34
 35818 | Vaults:2 | Found a portal to a secret trove of treasure.
 36196 | Elf:2    | Bought a scroll of enchant weapon for 300 gold pieces
 36196 | Elf:2    | Bought a scroll of enchant weapon for 300 gold pieces
 36492 | Vaults:2 | You paid a toll of a +6 demon blade to enter a treasure
                  | trove
 36493 | Trove    | Entered a treasure trove
 36495 | Trove    | Found the +3 warlock's mirror {omnireflect}
 36495 | Trove    | Found the +10 tower shield of Ignorance {rN+ Int-4}
 36497 | Trove    | Identified the +1 hat "Damnable Contraption" {rC+ Str-3
                  | SInv}
 36498 | Trove    | Identified the +0 pair of gloves of Jigsaw {Str+7 Slay+3}
 36502 | Trove    | Identified the orb of Zuxab {*channel, rElec rC++}
 36509 | Trove    | Identified the +0 robe of the Byakko {Str+5}
 36512 | Trove    | Identified the scarf "Ygaqar" {+Inv, Rampage Int+4}
 36514 | Trove    | Identified the +0 pair of gloves of the Evening Star {Str+4
                  | Dex+4}
 36516 | Trove    | Identified the +1 hat "Qer Rugo" {+Blink rC++}
 37158 | Vaults:2 | Reached skill level 9 in Evocations
 37377 | Vaults:2 | Paralysed by a formless jellyfish for 1 turns
 37820 | Vaults:3 | Found a staircase to the Crypt.
 38393 | Vaults:3 | Identified the amulet of Koitety {Acrobat rF+}
 38398 | Vaults:3 | Identified the +4 trident "Zunuqyru" {drain, rPois rC+ rN+}
 38456 | Vaults:3 | Found Gibb's Distillery.
 38456 | Vaults:3 | Found Baxzigeo's Jewellery Shoppe.
 38467 | Vaults:3 | Found Tubuloock's Jewellery Shoppe.
 38747 | Vaults:3 | Bought the amulet "Fanyemyu" {rN+ Regen+} for 618 gold
                  | pieces
 38913 | Vaults:4 | Reached skill level 15 in Shields
 38989 | Vaults:4 | Reached XP level 22. HP: 160/192 MP: 35/35
 39012 | Vaults:4 | Found Icot's Antique Weapon Shop.
 39384 | Vaults:4 | Reached skill level 21 in Fighting
 39973 | Depths:1 | Entered Level 1 of the Depths
 40118 | Depths:1 | Noticed a golden dragon
 40135 | Depths:1 | Killed a golden dragon
 40381 | D:15     | Lost mutation: You occasionally lose the ability to read
                  | scrolls when taking damage. [potion of mutation]
 40381 | D:15     | Gained mutation: You have hidden genetic defects. [potion
                  | of mutation]
 40382 | D:15     | Lost mutation: You have hidden genetic defects. [potion of
                  | mutation]
 40382 | D:15     | Gained mutation: You are frail. (-10% HP) [potion of
                  | mutation]
 40382 | D:15     | Gained mutation: You are partially covered in large bone
                  | plates. (SH +4) [potion of mutation]
 40382 | D:15     | Gained mutation: Your flesh is heat resistant. (rF+)
                  | [potion of mutation]
 40589 | Depths:1 | Found a gateway to Hell.
 40708 | Depths:1 | Found a radiant altar of Vehumet.
 40942 | Depths:2 | Identified the +9 hand axe of Certain Death {heavy, rF-
                  | rCorr MP+9 Dex+2}
 41258 | Depths:2 | Identified the ring "Inum" {Fire rPois Dex-2 SInv Stlth+}
 41371 | Depths:2 | Noticed a juggernaut
 41386 | Depths:2 | Killed a juggernaut
 41396 | Depths:2 | Identified the ring of Cots {rN+ rCorr Int+2}
 41471 | Depths:2 | Identified the ring of Gowk {Will++ rCorr Str-3}
 41473 | Depths:2 | Identified the ring of Amelioration {Will+ Str+2}
 41739 | Depths:2 | Reached XP level 23. HP: 180/180 MP: 36/36
 41947 | Depths:2 | Identified the +8 dagger of Ignis's Outrage {vamp, rCorr}
 42175 | Depths:2 | Found a one-way gate to the infinite horrors of the Abyss.
 42178 | Depths:2 | Found a one-way gateway to a ziggurat.
 42305 | Depths:2 | Found a one-way gate leading to the halls of Pandemonium.
 42664 | Depths:3 | Found Kemioqan's Book Emporium.
 42664 | Depths:3 | Found Ymoodgh's Antique Weapon Shoppe.
 42665 | Depths:3 | Found Xococs's Jewellery Emporium.
 42667 | Depths:3 | Found Joifuuh's Antique Weapon Shoppe.
 42795 | Depths:3 | Reached skill level 12 in Evocations
 43442 | Depths:4 | Entered Level 4 of the Depths
 43742 | Depths:4 | Found a gate to the Realm of Zot.
 44092 | Depths:3 | Reached skill level 24 in Dodging
 44463 | Depths:4 | Found Uwatyrr's Book Boutique.
 44464 | Depths:4 | Found Ozxo Erumn's Jewellery Emporium.
 44465 | Depths:4 | Found Nuat's Book Boutique.
 45016 | Vaults:5 | Entered Level 5 of the Vaults
 45050 | Vaults:4 | Reached XP level 24. HP: 177/193 MP: 25/36
 45070 | Vaults:5 | Noticed Sojobo
 45094 | Vaults:5 | Reached skill level 24 in Fighting
 45151 | Vaults:5 | Noticed a dread lich
 45158 | Vaults:4 | Killed Sojobo
 45242 | Vaults:4 | Killed a dread lich
 45329 | Vaults:5 | Identified the +5 falchion "Oneracoy" {antimagic, *Slow
                  | rC+++ rN+ SInv}
 46053 | Vaults:5 | Identified the +1 rapier "Impuurr" {freeze, Dex+3}
 46155 | Vaults:5 | Identified the +3 double sword "Lumokivi" {venom, rF- rC++
                  | rN++ Int-2}
 46160 | Vaults:5 | Noticed an ancient lich
 46176 | Vaults:5 | Banished an ancient lich
 46501 | Vaults:5 | Got a silver rune of Zot
 46519 | Vaults:5 | Identified the +6 chain mail "Voconem" {Str+3 Stlth+}
 46521 | Vaults:5 | Got Sif Muna's Anthology of the Several Mice
 47058 | Snake:3  | Bought a wand of digging (11) for 693 gold pieces
 47685 | Snake:3  | Bought a scroll of revelation for 105 gold pieces
 48009 | D:6      | Killed Livid's ghost
 48155 | D:10     | Killed pigah's ghost
 48400 | Vaults:3 | Bought a potion of haste for 130 gold pieces
 48400 | Vaults:3 | Bought a potion of cancellation for 104 gold pieces
 48400 | Vaults:3 | Bought a potion of mutation for 104 gold pieces
 48771 | Snake:3  | Bought a potion of might for 68 gold pieces
 48771 | Snake:3  | Bought a potion of haste for 170 gold pieces
 48833 | Snake:4  | Bought a potion of haste for 130 gold pieces
 48833 | Snake:4  | Bought a potion of heal wounds for 65 gold pieces
 48889 | Snake:3  | Bought a potion of heal wounds for 70 gold pieces
 48889 | Snake:3  | Bought a potion of heal wounds for 70 gold pieces
 49387 | Zot:1    | Entered Level 1 of the Realm of Zot
 49530 | Depths:4 | Reached XP level 25. HP: 158/202 MP: 36/36
 49585 | Depths:4 | Reached skill level 18 in Shields
 51942 | Zot:2    | Found a stormy altar of Qazlal.
 52613 | Zot:3    | Noticed a Killer Klown
 52633 | Zot:3    | Killed a Killer Klown
 52821 | Zot:3    | Identified the ring "Sysanuf" {*Corrode rPois rF+ Int+3
                  | Slay+4}
 53165 | Zot:2    | Reached XP level 26. HP: 202/216 MP: 37/37
 54307 | Zot:4    | Acquired 941 gold pieces
 54495 | Zot:4    | Reached skill level 27 in Fighting
 55717 | Zot:5    | Entered Level 5 of the Realm of Zot
 55717 | Zot:5    | Found a stormy altar of Qazlal.
 55719 | Zot:5    | Noticed an orb of fire
 55732 | Zot:4    | Gained mutation: Your spells are a little easier to cast,
                  | but a little less powerful. [an orb of fire]
 55741 | Zot:4    | Gained mutation: You are clumsy. (Dex -2) [an orb of fire]
 55744 | Zot:4    | Gained mutation: You are dopey. (Int -2) [an orb of fire]
 55746 | Zot:4    | Killed an orb of fire
 55816 | Zot:5    | Reached skill level 27 in Dodging
 56055 | Zot:5    | Noticed an orb of fire
 56055 | Zot:5    | Noticed a Killer Klown
 56055 | Zot:5    | Noticed an orb of fire
 56055 | Zot:5    | Noticed a dread lich
 56057 | Zot:5    | Noticed a Killer Klown
 56058 | Zot:5    | Noticed a Killer Klown
 56060 | Zot:5    | Noticed a dread lich
 56067 | Zot:5    | Noticed a dread lich
 56103 | Zot:4    | Banished a dread lich
 56313 | Zot:5    | Gained mutation: You occasionally lose the ability to read
                  | scrolls when taking damage. [an orb of fire]
 56321 | Zot:4    | Killed an orb of fire
 56323 | Zot:4    | Lost mutation: You are clumsy. (Dex -2) [potion of
                  | mutation]
 56323 | Zot:4    | Lost mutation: Your spells are a little easier to cast, but
                  | a little less powerful. [potion of mutation]
 56323 | Zot:4    | Lost mutation: You are dopey. (Int -2) [potion of mutation]
 56323 | Zot:4    | Gained mutation: Your spells are a little easier to cast,
                  | but a little less powerful. [potion of mutation]
 56324 | Zot:4    | Lost mutation: Your spells are a little easier to cast, but
                  | a little less powerful. [potion of mutation]
 56324 | Zot:4    | Lost mutation: You occasionally lose the ability to read
                  | scrolls when taking damage. [potion of mutation]
 56324 | Zot:4    | Gained mutation: You have hidden genetic potential. [potion
                  | of mutation]
 56324 | Zot:4    | Gained mutation: You have a pair of small antennae on your
                  | head. [potion of mutation]
 56325 | Zot:4    | Lost mutation: You have a pair of small antennae on your
                  | head. [potion of mutation]
 56325 | Zot:4    | Lost mutation: You have hidden genetic potential. [potion
                  | of mutation]
 56325 | Zot:4    | Lost mutation: You are frail. (-10% HP) [potion of
                  | mutation]
 56325 | Zot:4    | Gained mutation: You occasionally lose the ability to read
                  | scrolls when taking damage. [potion of mutation]
 56325 | Zot:4    | Gained mutation: You have hidden genetic potential. [potion
                  | of mutation]
 56325 | Zot:4    | Gained mutation: You have a pair of small horns on your
                  | head. [potion of mutation]
 56326 | Zot:4    | Lost mutation: You are partially covered in large bone
                  | plates. (SH +4) [potion of mutation]
 56326 | Zot:4    | Lost mutation: You have a pair of small horns on your head.
                  | [potion of mutation]
 56326 | Zot:4    | Gained mutation: You are dopey. (Int -2) [potion of
                  | mutation]
 56327 | Zot:4    | Lost mutation: Your flesh is heat resistant. (rF+) [potion
                  | of mutation]
 56327 | Zot:4    | Lost mutation: You occasionally lose the ability to read
                  | scrolls when taking damage. [potion of mutation]
 56327 | Zot:4    | Gained mutation: Your flesh is heat resistant. (rF+)
                  | [potion of mutation]
 56327 | Zot:4    | Gained mutation: Your spells are a little easier to cast,
                  | but a little less powerful. [potion of mutation]
 56327 | Zot:4    | Gained mutation: You are partially covered in iridescent
                  | scales. (AC +2) [potion of mutation]
 56353 | Zot:5    | Banished a Killer Klown
 56354 | Zot:5    | Reached skill level 21 in Invocations
 56515 | Zot:5    | Lost mutation: You have hidden genetic potential. [an orb
                  | of fire]
 56518 | Zot:5    | Gained mutation: Your magical capacity is low. (-10% MP)
                  | [an orb of fire]
 56530 | Zot:4    | Killed an orb of fire
 56550 | Zot:5    | Killed a Killer Klown
 56580 | Zot:5    | Banished a dread lich
 56591 | Zot:5    | Killed a dread lich
 56694 | Zot:5    | Noticed a Killer Klown
 56708 | Zot:5    | Killed a Killer Klown
 56798 | Zot:5    | Noticed a Killer Klown
 56905 | Zot:5    | Noticed an ancient lich
 56934 | Zot:4    | Banished an ancient lich
 56947 | Zot:4    | Killed a Killer Klown
 56959 | Zot:4    | Killed a Killer Klown
 56960 | Zot:4    | Reached XP level 27. HP: 249/249 MP: 34/34
 56990 | Zot:5    | Noticed an orb of fire
 56991 | Zot:5    | Gained mutation: Your health recovers twice as slowly from
                  | being drained. [an orb of fire]
 57007 | Zot:5    | Banished an orb of fire
 57170 | Zot:5    | Got the Orb of Zot
 57728 | D:7      | Noticed Qigho the pandemonium lord
 57840 | D:1      | Noticed Narhekk the pandemonium lord
 57844 | D:$      | Escaped with the Orb!

Illustrated notes

Levels and vault maps discovered:
D:1:      wander_arrival_lonely_grave, layout_loops_ring, basic_ecumenical_altar
D:2:      cheibrodos_pilgrimage, layout_basic, minmay_misc_feat_rows
D:3:      layout_loops_ring, mainiacjoe_overflow_tiny_flanked,
          nicolae_yredelemnul_corpse_copse, minivault_11, grunt_decor_cap
D:4:      layout_loops_cross, mainiacjoe_overflow_alcove_1,
          cheibrodos_sewer_entry_bend
D:5:      layout_rooms, ashenzari_altar_1, nicolae_ossuary_entry_catacombs
D:6:      corexii_shack_village, layout_basic, okawaru_metal_pillars_3,
          ebering_ghost_reflecting_pool
D:7:      layout_basic, temple_pool_b, enter_bailey_2
D:8:      layout_loops_ring, mainiacjoe_overflow_alcove_2,
          nicolae_overflow_hidden_temple, uniq_pikel
D:9:      layout_roguey, mainiacjoe_overflow_six_doors_small,
          nemelex_diamond_rough_becter
D:10:     layout_loops_corners, lemuel_tele_altar, gammafunk_ghost_arena,
          minmay_misc_feat_more_columns
D:11:     layout_gridville, due_lair_maze_entry_diamond,
          kennysheep_orc_monster_closet_entryway
D:12:     layout_basic, portal_ice_cave_entry_pillars_1
D:13:     layout_basic
D:14:     layout_loops_cross, erik_vaults_1, infiniplex_staircase_pillars_3a
D:15:     grunt_enter_depths_snipers, layout_stronghold, minivault_26,
          serial_undead, serial_undead_a, serial_undead_e, serial_undead_a,
          serial_undead_b, serial_undead_d
Lair:1:   layout_layer_cave, uniq_urug
Lair:2:   layout_regular_city, infiniplex_staircase_pool, wad_woods_river_01,
          serial_bayou_shore_a
Lair:3:   layout_cave_pods, elwin_shoals_entry_rooms,
          guppyfry_snake_entry_island, st_stairs_9, minivault_24,
          grunt_megastairs_5, uniq_josephine
Lair:4:   layout_gridlike, nicolae_slime_entry_field_trip
Lair:5:   grunt_lair_end_beastmaster, layout_gridlike
Shoals:1: layout_shoals, serial_shops, shop, nicolae_shop_vocational,
          uniq_donald
Shoals:2: layout_shoals, nicolae_shoals_water_booths
Shoals:3: layout_shoals
Shoals:4: shoals_end_simple, layout_shoals, uniq_polyphemus
Snake:1:  layout_chambers, guppyfry_library_mini, serial_bayou_shore_b
Snake:2:  layout_rooms, drop_trap, nrook_guardian_serpent_double
Snake:3:  nicolae_snake_unarmed_stairs_patrol, layout_cave_town, serial_shops,
          shop, shop, nicolae_shop_back_alley_shop,
          nicolae_shop_industrial_runoff, grunt_ministairs_14,
          nicolae_shop_overcharged_wands, lemuel_fruit_tree
Snake:4:  grunt_snake_rune_serpentine_throne, layout_cave_town,
          gammafunk_ghost_cemetery, serial_shops, shop, minmay_shop_star
Orc:1:    nicolae_orc_accident_3, layout_diamond_mine
Orc:2:    st_orc_elflike, layout_caves, serial_shops,
          nicolae_shop_temple_entry_statues_fountains, uniq_rupert
Elf:1:    nicolae_elf_arrival_dilemma, layout_geoelf_diagonals, serial_shops,
          nicolae_shop_trees, hangedman_elf_represent
Elf:2:    nicolae_elf_blades_splatter_lattice [mumra_blade_entry_dagger],
          layout_geoelf_grid, serial_shops, statue_bzr, nicolae_stop_n_shop_2,
          nicolae_twisty_statue_hallways, uniq_louise
Elf:3:    grunt_elf_hall_spiral, layout_gridlike, serial_shops,
          nicolae_shop_window_shopping
Vaults:1: nicolae_vaults_trapezoid_4, nicolae_vaults_wrenched,
          nicolae_vaults_windows_and_doors_thing, v_pattern_4,
          ontoclasm_vaults_tryst, nicolae_vaults_more_shelving_1,
          ontoclasm_vaults_eye, nicolae_vaults_network_star,
          nicolae_vaults_little_squares_6, nicolae_vaults_diffraction_hallways,
          layout_vaults_omnigrid, uniq_aizul
Vaults:2: nicolae_vaults_two_Ls, nicolae_vaults_little_squares_4,
          nicolae_vaults_closet_pinwheel_6, nicolae_vaults_swerve,
          nicolae_vaults_trapezoid_3, nicolae_vaults_lightning_bolt,
          nicolae_vaults_border_crossing, nicolae_vaults_heist,
          nicolae_vaults_asterisk, vaults_room_grunt_arrival_ludios, v_misc_5,
          vaults_mumra_minichess_inversion, nicolae_vaults_trapezoid_lopsided_3,
          layout_vaults_omnicross, enter_trove_6
Vaults:3: nicolae_vaults_wine_cellar, hangedman_vaults_hard_town_square,
          vaults_dpeg_emergency_exit, minmay_crypt_entry_simple_statues,
          grunt_vaults_diagonal, vaults_standard_mumra_enter_the_diamond,
          ontoclasm_vaults_ring_large, nicolae_vaults_closet_pinwheel_4,
          layout_vaults_big_room
Vaults:4: v_rooms_2, nicolae_vaults_tetromino_Z_2,
          nicolae_vaults_surprise_closet, v_pattern_1, nicolae_vaults_tangram_2,
          nicolae_vaults_trapezoid_lopsided_1, v_rooms_4,
          vaults_standard_mumra_lines, ontoclasm_vaults_chip, vaults_dpeg_hooks,
          nicolae_vaults_trapezoid_4, ontoclasm_vaults_claustrophobia,
          layout_vaults_ring, serial_shops, shop
Vaults:5: uniq_sojobo
Depths:1: layout_gridville, minmay_misc_feat_room, hell_entry,
          nicolae_vehumet_altar_sigil, firewood_loft, kennysheep_random_hallway
Depths:2: minmay_the_grid_triangle_9x9_rhombus_full_mashed
          [minmay_the_grid_triangle_9x9_descending_squares,
          minmay_the_grid_triangle_9x9_cache,
          minmay_the_grid_triangle_9x9_minimal,
          minmay_the_grid_triangle_9x9_alien,
          minmay_the_grid_triangle_9x9_intruding_spiral,
          minmay_the_grid_triangle_9x9_empty,
          minmay_the_grid_triangle_9x9_corrupted_corridor,
          minmay_the_grid_triangle_9x9_prize_special], layout_cave_shapes,
          enter_ziggurat_a, grunt_pan_entry_in_and_out, hell_entry, abyss_entry,
          minmay_misc_feat_columns, minmay_misc_feat_four_crosses
Depths:3: hangedman_elemental_death_ray, layout_gridlike, abyss_entry,
          hell_entry, infiniplex_staircase_spiral_double, minmay_shoptagon
Depths:4: grunt_zot_entry_hairpin, layout_basic, hell_entry,
          hangedman_abyss_or_decor_passed, minmay_shop_grove
Zot:1:    layout_onion_interference
Zot:2:    layout_cathedral_of_symmetry, regret_index_zotdec_storm_pass,
          lemuel_golem_globe
Zot:3:    hangedman_zot_vaults_quadrants, layout_concentric_octagons
Zot:4:    layout_cathedral_of_symmetry, drop_trap, grunt_megastairs_2
Zot:5:    layout_gridlike, basic_altar

Skill      XL: |  1  2  3  4  5  6  7  8  9 10 11 12 13 14 15 16 17 18 19 20 21 22 23 24 25 26 |
---------------+-------------------------------------------------------------------------------+-----
Long Blades    | 4 5 6 7 9 11 12 14 16 | 16.0
Fighting       | 3 4 6 7 8 9 10 11 14 15 16 17 20 21 23 24 26 27 | 27.0
Dodging        | 5 6 7 8 9 10 12 13 14 16 18 19 20 21 22 23 24 25 26 27 | 27.0
Invocations    | 1 2 4 5 6 7 9 10 11 12 13 14 16 17 19 20 22 | 22.5
Armour         | 1 3 4 5 6 |  6.0
Shields        | 3 6 8 10 11 13 14 15 16 17 19 20 | 20.0
Throwing       | 4 6 7 8 9 10 12 13 14 | 14.0
Evocations     | 3 5 7 8 9 11 12 | 12.0

Action                     |  1- 3 |  4- 6 |  7- 9 | 10-12 | 13-15 | 16-18 | 19-21 | 22-24 | 25-27 || total
---------------------------+-------+-------+-------+-------+-------+-------+-------+-------+-------++-------
  Melee: Long sword        |    93 |   170 |   285 |       |       |       |       |       |       ||   548
         Punch             |       |     3 |    18 |       |       |       |       |       |       ||    21
         Scimitar          |       |       |   236 |   522 |   117 |       |       |       |       ||   875
         Tailslap          |       |       |     3 |     2 |     2 |    26 |       |       |       ||    33
         Great sword       |       |       |       |   122 |       |       |       |       |       ||   122
         Double sword      |       |       |       |       |   709 |   901 |  1150 |  1275 |   985 ||  5020
   Fire: Sling             |       |    36 |     8 |     3 |       |       |       |       |       ||    47
  Throw: Stone             |     3 |       |       |       |     3 |       |       |       |       ||     6
         Boomerang         |       |       |       |       |       |     9 |     5 |     3 |   105 ||   122
 Invoke: Upheaval          |       |       |     2 |       |       |       |     1 |       |     3 ||     6
         Elemental Force   |       |       |       |     2 |     1 |     4 |     2 |     3 |       ||    12
         Disaster Area     |       |       |       |       |       |     7 |     4 |    10 |     1 ||    22
  Evoke: Wand              |       |       |       |       |     3 |       |       |       |     1 ||     4
         Phantom mirror    |       |       |       |       |       |     1 |     1 |     1 |       ||     3
    Use: Scroll            |       |    10 |    11 |    10 |    12 |       |     7 |     7 |    12 ||    69
         Potion            |       |     4 |     2 |     2 |       |     4 |       |    10 |    10 ||    32
   Stab: Invisible         |       |     1 |     2 |       |       |       |       |       |       ||     3
         Distracted        |       |       |     1 |       |       |       |     1 |     1 |       ||     3
         Paralysed         |       |       |       |     1 |     1 |       |     1 |       |       ||     3
 Armour: Leather armour    |    51 |   139 |   205 |   184 |       |       |       |       |       ||   579
         Troll leather arm |       |       |       |   134 |   233 |   197 |   151 |   164 |   186 ||  1065
  Dodge: Dodged            |    62 |   139 |   305 |   443 |   354 |   631 |   448 |   487 |   635 ||  3504
         Repelled          |       |       |       |     2 |     9 |    35 |    22 |    22 |    42 ||   132
  Block: Other             |       |       |    35 |    29 |       |       |       |       |       ||    64
         Kite shield       |       |       |       |   410 |   769 |   797 |       |       |       ||  1976
         Tower shield      |       |       |       |       |       |   764 |  1487 |  1796 |  1709 ||  5756
         Reflection        |       |       |       |       |       |   103 |   121 |    71 |    31 ||   326
